 Dungeon Crawl Stone Soup version 0.18.1-8-gdd0e5ea (webtiles) character file.

116 Karodes the Insei (level 4, 0/35 HPs)
             Began as a Vampire Monk on May 25, 2016.
             Was a Believer of Okawaru.
             Slain by a worm (7 damage)
             ... on level 3 of the Dungeon.
             The game lasted 00:18:16 (2078 turns).

Karodes the Insei (Vampire Monk)                    Turns: 2078, Time: 00:18:16

Health: 0/35       AC:  3    Str: 11    XL:     4   Next: 70%
Magic:  4/4        EV: 14    Int: 17    God:    Okawaru [**....]
Gold:   54         SH:  0    Dex: 16    Spells: 0 memorised, 3 levels left

rFire  . . .     SeeInvis +     g - +0 club
rCold  + . .     Gourm    .     a - +0 robe
rNeg   + + .     Faith    .     (no shield)
rPois  +         Spirit   .     q - +0 helmet (curse)
rElec  .         Dismiss  .     (no cloak)
rCorr  .         Reflect  .     (no gloves)
SustAt .         Harm     .     (no boots)
MR     .....                    (no amulet)
Stlth  +++.......               (no ring)
                                (no ring)

@: brilliant, regenerating slowly, not resistant to hostile enchantments, fairly
stealthy
A: fangs 3, see invisible, unbreathing
a: Bat Form, Heroism, Renounce Religion


You were on level 3 of the Dungeon.
You worshipped Okawaru.
Okawaru was pleased with you.
You were very thirsty.

You visited 1 branch of the dungeon, and saw 3 of its levels.

You collected 54 gold pieces.

Inventory:

Hand Weapons
 d - a +0 dagger
 g - a +0 club (weapon)
 h - a +0 hunting sling
 p - a +0 club
Missiles
 n - 28 stones (quivered)
Armour
 a - a +0 robe (worn)
 m - a +0 pair of gloves
 q - a cursed +0 helmet (worn)
Scrolls
 c - a scroll of amnesia {unknown}
 f - a scroll of teleportation {unknown}
 j - a scroll of identify {unknown}
 l - a scroll of remove curse {unknown}
Potions
 e - a potion of curing {unknown}
 k - a potion of cancellation
Comestibles
 i - a slice of pizza


   Skills:
 + Level 3.2 Fighting
 + Level 4.2 Dodging
 + Level 4.8 Stealth
 + Level 5.1 Unarmed Combat


You had 3 spell levels left.
You didn't know any spells.

Dungeon Overview and Level Annotations

Branches:
Dungeon (3/15)

Altars:
Okawaru
Qazlal
Ru

Annotations:
D:3 Jessica, Terence


Innate Abilities, Weirdness & Mutations

You heal slowly.
You have razor-sharp teeth.
You have supernaturally acute eyesight.
You can survive without breathing.


Message History

You hit the worm. You bite the worm, but do no damage.
The worm is moderately wounded.
You hear the slow rusting of a very distant drain.
The worm bites you.
You barely miss the worm.
The worm is moderately wounded.
The worm bites you.
You hit the worm.
The worm is moderately wounded.
You hit the worm. You punch the worm.
The worm is heavily wounded.
The worm bites you!
You hit the worm.
The worm is severely wounded.
The worm bites you!
* * * LOW HITPOINT WARNING * * *
You hit the worm.
The worm is almost dead.
The worm bites you!
You die...

.# .######### .# .........##.#
............# ............# #
............#.###
................>
............### @..#####w@....#
#+# ####.####.# #.# #....# #.#
. #.####....## #.##### .#
#...##.....###.....######
..#####........_......##.#...<#
#..........###.....#####.##.###
#..........# ##....# #....#
#..........# #..^.# ######


You could see a worm.

Vanquished Creatures
  A crimson imp (D:3)
  3 adders
  An ooze (D:1)
  2 worms
  3 dart slugs (D:1)
  An orc (D:3)
  2 bats
  2 giant cockroaches
  7 hobgoblins
  2 jackals (D:1)
  A ball python (D:2)
  A giant newt (D:2)
  4 goblins
  7 kobolds
  6 rats
43 creatures vanquished.

Notes
Turn   | Place    | Note
--------------------------------------------------------------
     0 | D:1      | Karodes the Vampire Monk began the quest for the Orb.
     0 | D:1      | Reached XP level 1. HP: 17/17 MP: 1/1
   468 | D:1      | Reached XP level 2. HP: 23/23 MP: 2/2
   637 | D:1      | Reached XP level 3. HP: 25/29 MP: 3/3
  1307 | D:2      | Found an iron altar of Okawaru.
  1322 | D:2      | Became a worshipper of Warmaster Okawaru
  1322 | D:2      | Reached * piety under Okawaru
  1322 | D:2      | Reached ** piety under Okawaru
  1727 | D:2      | Found a stormy altar of Qazlal.
  1830 | D:2      | Reached XP level 4. HP: 35/35 MP: 4/4
  1928 | D:3      | Found a sacrificial altar of Ru.
  1957 | D:3      | Reached skill level 5 in Unarmed Combat
  2022 | D:3      | Noticed Terence
  2043 | D:3      | HP: 1/35 [worm (6)]
  2070 | D:3      | Noticed Jessica
  2078 | D:3      | Slain by a worm

Skill      XL: |  1  2  3  4 |
---------------+-------------+-----
Fighting       | 3 |  3.2
Stealth        | 4 |  4.8
Dodging        | 4 |  4.2
Unarmed Combat | 5 |  5.1

Action                   |  1- 3 |  4- 6 || total
-------------------------+-------+-------++-------
Melee: Unarmed           |    95 |    24 ||   119
       Bite              |    10 |     2 ||    12
       Punch             |     1 |     3 ||     4
       Club              |       |     7 ||     7
  Use: Potion            |     1 |     3 ||     4
 Stab: Sleeping          |    10 |       ||    10
Armor: Robe              |    11 |     4 ||    15
Dodge: Dodged            |    49 |    28 ||    77
